| TOP OF THE 1ST |
|
University of Illinois Fighting Illini batting - Pitching for Pennsylvania State University Nittany Lions : LHP Justin Tidwell
|
|
Pitching: LHP Justin Tidwell
|
|
|
Batting: SHB Dan Strickland
|
0-0: Ground out U3 (Groundball, 13, EV 87.5 MPH)
|
|
Batting: LHB Javy Rueda
|
0-0: Called Strike 0-1: Ball 1-1: Fly out, F8 (Flyball, 89M, EV 87.5 MPH)
|
|
Batting: LHB Bill Kovac
|
0-0: Foul Ball, location: 2F 0-1: Ball 1-1: Swinging Strike 1-2: Ball 2-2: Ball 3-2: DOUBLE (Flyball, 8RXD, EV 101.9 MPH)
|
|
Batting: LHB Alex Rivera
|
0-0: Swinging Strike 0-1: Fly out, F9 (Flyball, 9, EV 84.4 MPH)
|
| Top of the 1st over - 0 runs, 1 hit, 0 errors, 1 left on base; University of Illinois 0 - Pennsylvania State University 0 |
| BOTTOM OF THE 1ST |
|
Pennsylvania State University Nittany Lions batting - Pitching for University of Illinois Fighting Illini : LHP Dave Serna
|
|
Pitching: LHP Dave Serna
|
|
|
Batting: RHB John Hopkins
|
0-0: Ground out U3 (Groundball, 3S, EV 77.5 MPH)
|
|
Batting: RHB Craig Alvarado
|
0-0: Ball 1-0: Fly out, F8 (Flyball, 8RD, EV 97.5 MPH)
|
|
Batting: RHB Kaoru Hamada
|
0-0: DOUBLE (Groundball, 3L, EV 109.4 MPH)
|
|
Batting: SHB Glenn Harrison
|
0-0: Called Strike 0-1: Fly out, F9 (Flyball, 9LM, EV 82.5 MPH)
|
| Bottom of the 1st over - 0 runs, 1 hit, 0 errors, 1 left on base; University of Illinois 0 - Pennsylvania State University 0 |
| TOP OF THE 2ND |
|
University of Illinois Fighting Illini batting - Pitching for Pennsylvania State University Nittany Lions : LHP Justin Tidwell
|
|
Batting: RHB Hugo Priego
|
0-0: Called Strike 0-1: Swinging Strike 0-2: Ball 1-2: Ball 2-2: Fly out, F8 (Line Drive, 8RM, EV 92.5 MPH)
|
|
Batting: RHB Cody Leonard
|
0-0: Fly out, F4 (Line Drive, 4D, EV 63.8 MPH)
|
|
Batting: RHB Fernando Acosta
|
0-0: Called Strike 0-1: SINGLE (Groundball, 6D, EV 104.4 MPH)
|
|
Batting: RHB Oscar Ramirez
|
0-0: Fly out, F9 (Flyball, 9, EV 83.8 MPH)
|
| Top of the 2nd over - 0 runs, 1 hit, 0 errors, 1 left on base; University of Illinois 0 - Pennsylvania State University 0 |
| BOTTOM OF THE 2ND |
|
Pennsylvania State University Nittany Lions batting - Pitching for University of Illinois Fighting Illini : LHP Dave Serna
|
|
Batting: RHB Franklin van den Berg
|
0-0: Ball 1-0: Called Strike 1-1: Fly out, F6 (Popup, P, EV 80.6 MPH)
|
|
Batting: RHB Mike Smith
|
0-0: SINGLE (Flyball, 89S, EV 90.0 MPH)
|
|
Batting: RHB Fernando Membreno
|
0-0: Foul Ball, location: 2F 0-1: Grounds into double play, 5-4-3 (Groundball, 15, EV 82.5 MPH)
|
| Bottom of the 2nd over - 0 runs, 1 hit, 0 errors, 0 left on base; University of Illinois 0 - Pennsylvania State University 0 |
| TOP OF THE 3RD |
|
University of Illinois Fighting Illini batting - Pitching for Pennsylvania State University Nittany Lions : LHP Justin Tidwell
|
|
Batting: LHB Clint Hanninen
|
0-0: Foul Ball, location: 2F 0-1: Called Strike 0-2: Ball 1-2: Ball 2-2: Foul Ball, location: 2F 2-2: Fly out, F8 (Flyball, 8LM, EV 88.1 MPH)
|
|
Batting: SHB Dan Strickland
|
0-0: Foul Ball, location: 2F 0-1: Ball 1-1: Fly out, F9 (Flyball, 9, EV 92.5 MPH)
|
|
Batting: LHB Javy Rueda
|
0-0: Called Strike 0-1: Called Strike 0-2: Fly out, F8 (Flyball, 8RD, EV 84.4 MPH)
|
| Top of the 3rd over - 0 runs, 0 hits, 0 errors, 0 left on base; University of Illinois 0 - Pennsylvania State University 0 |
| BOTTOM OF THE 3RD |
|
Pennsylvania State University Nittany Lions batting - Pitching for University of Illinois Fighting Illini : LHP Dave Serna
|
|
Batting: LHB Elijah Mallandain
|
0-0: Called Strike 0-1: Ball 1-1: Ball 2-1: Swinging Strike 2-2: Ball 3-2: Base on Balls
|
|
Batting: RHB Jesse Sargent
|
0-0: Ball 1-0: Ball Wild Pitch! Elijah Mallandain to second 2-0: Ground out 6-3 (Groundball, 56, EV 103.8 MPH)
|
|
Batting: RHB John Hopkins
|
0-0: Ball 1-0: Ball 2-0: SINGLE (Groundball, 4MD, EV 99.4 MPH) Elijah Mallandain to third Runner from 3rd tries for Home, SAFE, throw by CF to home
|
|
Batting: RHB Craig Alvarado
|
0-0: Fielders Choice at 2nd, 6-4 (Groundball, 6S, EV 85.6 MPH)
|
|
Batting: RHB Kaoru Hamada
|
0-0: Ball 1-0: Ball 2-0: Ball 3-0: Called Strike 3-1: Foul Ball, location: 2F 3-2: Base on Balls Craig Alvarado to second
|
|
Batting: SHB Glenn Harrison
|
0-0: Ground out 5-3 (Groundball, 56S, EV 91.2 MPH)
|
| Bottom of the 3rd over - 1 run, 1 hit, 0 errors, 2 left on base; University of Illinois 0 - Pennsylvania State University 1 |
| TOP OF THE 4TH |
|
University of Illinois Fighting Illini batting - Pitching for Pennsylvania State University Nittany Lions : LHP Justin Tidwell
|
|
Batting: LHB Bill Kovac
|
0-0: Ball 1-0: Ball 2-0: Foul Ball, location: 2F 2-1: Foul Ball, location: 2F 2-2: Ball 3-2: Foul Ball, location: 2F 3-2: Foul Ball, location: 2F 3-2: Ground out 3-1 (Groundball, 34S, EV 66.2 MPH)
|
|
Batting: LHB Alex Rivera
|
0-0: Ground out 5-3 (Groundball, 5S, EV 80.6 MPH)
|
|
Batting: RHB Hugo Priego
|
0-0: Foul Ball, location: 2F 0-1: Foul Ball, location: 2F 0-2: Foul Ball, location: 2F 0-2: Strikes out looking
|
| Top of the 4th over - 0 runs, 0 hits, 0 errors, 0 left on base; University of Illinois 0 - Pennsylvania State University 1 |
| BOTTOM OF THE 4TH |
|
Pennsylvania State University Nittany Lions batting - Pitching for University of Illinois Fighting Illini : LHP Dave Serna
|
|
Batting: RHB Franklin van den Berg
|
0-0: DOUBLE (Line Drive, 9LD, EV 110.0 MPH)
|
|
Batting: RHB Mike Smith
|
0-0: Ball 1-0: Ball 2-0: Called Strike 2-1: Swinging Strike 2-2: DOUBLE (Line Drive, 9LM, EV 103.1 MPH) Franklin van den Berg scores
|
|
Batting: RHB Fernando Membreno
|
0-0: Ground out 6-3 (Groundball, 6M, EV 103.8 MPH) Mike Smith to third
|
|
Batting: LHB Elijah Mallandain
|
0-0: Ball 1-0: Foul Ball, location: 2F 1-1: SINGLE (Line Drive, 78S, EV 96.2 MPH) Mike Smith scores
|
|
Batting: RHB Jesse Sargent
|
0-0: Grounds into double play, 4-6-3 (Groundball, 4M, EV 79.4 MPH)
|
| Bottom of the 4th over - 2 runs, 3 hits, 0 errors, 0 left on base; University of Illinois 0 - Pennsylvania State University 3 |
| TOP OF THE 5TH |
|
University of Illinois Fighting Illini batting - Pitching for Pennsylvania State University Nittany Lions : LHP Justin Tidwell
|
|
Batting: RHB Cody Leonard
|
0-0: Ball 1-0: Ball 2-0: Called Strike 2-1: Foul Ball, location: 2F 2-2: Strikes out swinging
|
|
Batting: RHB Fernando Acosta
|
0-0: Ball 1-0: Foul Ball, location: 2F 1-1: Ball 2-1: Ball 3-1: Ground out U3 (Groundball, 34, EV 105.0 MPH)
|
|
Batting: RHB Oscar Ramirez
|
0-0: Ball 1-0: Ball 2-0: Called Strike 2-1: Called Strike 2-2: Ground out 1-3 (Groundball, 13, EV 70.0 MPH)
|
| Top of the 5th over - 0 runs, 0 hits, 0 errors, 0 left on base; University of Illinois 0 - Pennsylvania State University 3 |
| BOTTOM OF THE 5TH |
|
Pennsylvania State University Nittany Lions batting - Pitching for University of Illinois Fighting Illini : LHP Dave Serna
|
|
Batting: RHB John Hopkins
|
0-0: Ball 1-0: Ball 2-0: SINGLE (Line Drive, 9S, EV 107.5 MPH)
|
|
Batting: RHB Craig Alvarado
|
0-0: Foul Ball, location: 2F 0-1: Sac Bunt to 5S - play at first, batter OUT! 5-3 John Hopkins to second
|
|
Batting: RHB Kaoru Hamada
|
0-0: Ball 1-0: Ball 2-0: Ball 3-0: Called Strike 3-1: Base on Balls
|
|
Batting: SHB Glenn Harrison
|
0-0: Called Strike 0-1: Fly out, F9 (Flyball, 9S, EV 85.0 MPH)
|
|
Batting: RHB Franklin van den Berg
|
0-0: Ball 1-0: Called Strike 1-1: Called Strike 1-2: SINGLE (Groundball, 34, EV 94.4 MPH) John Hopkins to third Kaoru Hamada to second Runner from 3rd tries for Home, SAFE, throw by RF to home
|
|
Batting: RHB Mike Smith
|
0-0: Ball 1-0: Ball 2-0: Swinging Strike 2-1: Foul Ball, location: 2F 2-2: Foul Ball, location: 2F 2-2: Strikes out swinging
|
| Bottom of the 5th over - 1 run, 2 hits, 0 errors, 2 left on base; University of Illinois 0 - Pennsylvania State University 4 |
| TOP OF THE 6TH |
|
University of Illinois Fighting Illini batting - Pitching for Pennsylvania State University Nittany Lions : LHP Justin Tidwell
|
|
Batting: LHB Clint Hanninen
|
0-0: Ground out 2-3 (Groundball, 2R, EV 62.5 MPH)
|
|
Batting: SHB Dan Strickland
|
0-0: Ball 1-0: Foul Ball, location: 2F 1-1: Ball 2-1: Foul Ball, location: 2F 2-2: Foul Ball, location: 2F 2-2: Ball 3-2: Foul Ball, location: 2F 3-2: SINGLE (Line Drive, 78S, EV 90.0 MPH)
|
|
Batting: LHB Javy Rueda
|
0-0: Ball 1-0: Ball 2-0: Ball 3-0: Base on Balls Dan Strickland to second
|
|
Batting: LHB Bill Kovac
|
0-0: Ball 1-0: Ball 2-0: Foul Ball, location: 2F 2-1: Fielders Choice at 2nd, 4-6 (Groundball, 4, EV 78.8 MPH) Dan Strickland to third
|
|
Batting: LHB Alex Rivera
|
0-0: Ball 1-0: Ball 2-0: Called Strike 2-1: Fly out, F9 (Flyball, 9, EV 78.1 MPH)
|
| Top of the 6th over - 0 runs, 1 hit, 0 errors, 2 left on base; University of Illinois 0 - Pennsylvania State University 4 |
| BOTTOM OF THE 6TH |
|
Pennsylvania State University Nittany Lions batting - Pitching for University of Illinois Fighting Illini : LHP Dave Serna
|
|
Batting: RHB Fernando Membreno
|
0-0: Ground out 4-3 (Groundball, 4S, EV 87.5 MPH)
|
|
Batting: LHB Elijah Mallandain
|
0-0: Ball 1-0: Ball 2-0: Ball 3-0: Called Strike 3-1: Fly out, F9 (Flyball, 9, EV 89.4 MPH)
|
|
Batting: RHB Jesse Sargent
|
0-0: Ball 1-0: Ground out U3 (Groundball, 3S, EV 90.0 MPH)
|
| Bottom of the 6th over - 0 runs, 0 hits, 0 errors, 0 left on base; University of Illinois 0 - Pennsylvania State University 4 |
| TOP OF THE 7TH |
|
University of Illinois Fighting Illini batting - Pitching for Pennsylvania State University Nittany Lions : LHP Justin Tidwell
|
|
Pitching: RHP Carsten Kosters
|
|
|
Batting: RHB Hugo Priego
|
0-0: Ball 1-0: Called Strike 1-1: Swinging Strike 1-2: Strikes out swinging
|
|
Batting: RHB Cody Leonard
|
0-0: Ball 1-0: Ground out U3 (Groundball, 34, EV 93.1 MPH)
|
|
Pinch Hitting: RHB Alejandro Collazo
|
0-0: Called Strike 0-1: Ball 1-1: Foul Ball, location: 2F 1-2: Strikes out swinging
|
| Top of the 7th over - 0 runs, 0 hits, 0 errors, 0 left on base; University of Illinois 0 - Pennsylvania State University 4 |
| BOTTOM OF THE 7TH |
|
Pennsylvania State University Nittany Lions batting - Pitching for University of Illinois Fighting Illini : LHP Dave Serna
|
|
Now at SS: Alejandro Collazo
|
|
|
Batting: RHB John Hopkins
|
0-0: Ball 1-0: Ball 2-0: Ball 3-0: Called Strike 3-1: Swinging Strike 3-2: Base on Balls
|
|
Batting: RHB Craig Alvarado
|
0-0: Called Strike 0-1: Sac Bunt to 3S - play at first, batter OUT! 3-4 John Hopkins to second
|
|
Batting: RHB Kaoru Hamada
|
0-0: Ball 1-0: Ball 2-0: Foul Ball, location: 2F 2-1: Swinging Strike 2-2: Foul Ball, location: 2F 2-2: Strikes out looking
|
|
Pitching: RHP Luis Stuit
|
|
|
Batting: SHB Glenn Harrison
|
0-0: Foul Ball, location: 2F 0-1: Ball 1-1: Ball 2-1: Foul Ball, location: 2F 2-2: Foul Ball, location: 2F 2-2: Strikes out swinging
|
| Bottom of the 7th over - 0 runs, 0 hits, 0 errors, 1 left on base; University of Illinois 0 - Pennsylvania State University 4 |
| TOP OF THE 8TH |
|
University of Illinois Fighting Illini batting - Pitching for Pennsylvania State University Nittany Lions : RHP Carsten Kosters
|
|
Batting: RHB Oscar Ramirez
|
0-0: Called Strike 0-1: Foul Ball, location: 2F 0-2: Ball 1-2: Ball 2-2: Foul Ball, location: 2F 2-2: Strikes out swinging
|
|
Batting: LHB Clint Hanninen
|
0-0: Called Strike 0-1: Hit by Pitch
|
|
Batting: SHB Dan Strickland
|
0-0: Ball 1-0: Foul Ball, location: 2F 1-1: Ball 2-1: Foul Ball, location: 2F 2-2: Grounds into double play, 6-4-3 (Groundball, 56, EV 91.9 MPH)
|
| Top of the 8th over - 0 runs, 0 hits, 0 errors, 0 left on base; University of Illinois 0 - Pennsylvania State University 4 |
| BOTTOM OF THE 8TH |
|
Pennsylvania State University Nittany Lions batting - Pitching for University of Illinois Fighting Illini : RHP Luis Stuit
|
|
Batting: RHB Franklin van den Berg
|
0-0: Ball 1-0: Fly out, F7 (Flyball, 7D, EV 98.1 MPH)
|
|
Batting: RHB Mike Smith
|
0-0: SINGLE (Line Drive, 9S, EV 106.9 MPH)
|
|
Batting: RHB Fernando Membreno
|
0-0: Ball 1-0: Ball 2-0: Ball 3-0: Base on Balls Mike Smith to second
|
|
Batting: LHB Elijah Mallandain
|
0-0: Ball 1-0: Foul Ball, location: 2F 1-1: Ball 2-1: Swinging Strike 2-2: Strikes out swinging
|
|
Pinch Hitting: RHB Roberto Medina
|
0-0: Ball 1-0: Called Strike 1-1: Ball 2-1: Called Strike 2-2: Strikes out swinging
|
| Bottom of the 8th over - 0 runs, 1 hit, 0 errors, 2 left on base; University of Illinois 0 - Pennsylvania State University 4 |
| TOP OF THE 9TH |
|
University of Illinois Fighting Illini batting - Pitching for Pennsylvania State University Nittany Lions : RHP Carsten Kosters
|
|
Pitching: RHP Mike Watkins
|
|
|
Now at 3B: Josh Lane
|
|
|
Pinch Hitting: LHB Antonio Sandoval
|
0-0: Called Strike 0-1: Ball 1-1: Ball 2-1: Fly out, F8 (Flyball, 8LS, EV 96.9 MPH)
|
|
Batting: LHB Bill Kovac
|
0-0: Ball 1-0: Called Strike 1-1: Ball 2-1: Fly out, F9 (Line Drive, 89M, EV 100.0 MPH)
|
|
Batting: LHB Alex Rivera
|
0-0: Called Strike 0-1: Ball 1-1: Called Strike 1-2: Ball 2-2: Ground out 5-3 (Groundball, 15, EV 84.4 MPH)
|
| Top of the 9th over - 0 runs, 0 hits, 0 errors, 0 left on base; University of Illinois 0 - Pennsylvania State University 4 |
|